 Dungeon Crawl Stone Soup version 0.27.1-35-g4d5d836560 (webtiles) character file.

Game seed: 10694276186622427256

20392 spiderkeys the Summoner (level 12, 0/75 HPs)
             Began as a Deep Elf Abyssal Knight on June 11, 2022.
             Was a Priest of Lugonu.
             Succumbed to a black mamba's poison
             ... on level 4 of the Lair of Beasts on June 12, 2022.
             The game lasted 00:29:17 (20049 turns).

spiderkeys the Summoner (Deep Elf Abyssal Knight)  Turns: 20049, Time: 00:29:19

Health: 0/75       AC: 15    Str:  9    XL:     12   Next: 45%
Magic:  15/21      EV: 14    Int: 23    God:    Lugonu [***...]
Gold:   565        SH:  6    Dex: 20    Spells: 10/21 levels left

rFire    + . .     SeeInvis .   a - +5 short sword (spect)
rCold    + . .     Faith    .   H - +0 buckler
rNeg     . . .     Spirit   .   c - +4 ring mail
rPois    .         Reflect  .   R - +2 helmet
rElec    .         Harm     .   m - +0 cloak {Will+}
rCorr    .         Rampage  .   t - +1 pair of gloves
Will     ++...                  (no boots)
Stlth    +.........             (no amulet)
HPRegen  0.22/turn              d - +6 ring of dexterity
MPRegen  0.17/turn              j - ring "Xebbut" {rF+ rC+}

@: lethally poisoned (0 -> -3), attractive
A: no striking features
a: Renounce Religion, Depart the Abyss, Bend Space, Banish


You were on level 4 of the Lair of Beasts.
You worshipped Lugonu.
Lugonu was most pleased with you.
You visited 2 branches of the dungeon, and saw 15 of its levels.
You visited the Abyss 1 time.

You collected 659 gold pieces.
You spent 94 gold pieces at shops.


   Skills:
 + Level 8.4 Fighting
 - Level 3.3 Short Blades
 - Level 1.0 Armour
 - Level 8.0 Dodging
 - Level 5.0 Shields
 - Level 5.0 Spellcasting
 * Level 13.5 Summonings
 + Level 5.0 Translocations
 - Level 9.0 Invocations


You had 10 spell levels left.
You knew the following spells:

 Your Spells              Type           Power      Damage    Failure   Level
f - Summon Forest         Summ/Tloc      24%        N/A       16%         5
s - Shadow Creatures      Summ           N/A        N/A       16%         6

Your spell library contained the following spells:

 Spells                   Type           Power      Damage    Failure   Level
 Blink                    Tloc           N/A        N/A       4%          2
 Freeze                   Ice            20%        1d4       26%         1
 Corpse Rot               Necr/Air       N/A        N/A       36%         2
 Ensorcelled Hibernation  Hex/Ice        10%        N/A       36%         2
 Poisonous Vapours        Pois/Air       10%        N/A       36%         2
 Frozen Ramparts          Ice            10%        1d3       61%         3
 Ozocubu's Armour         Ice            5%         N/A       61%         3
 Spider Form              Tmut/Pois      2%         N/A       61%         3
 Summon Hydra             Summ           30%        N/A       65%         7
 Manifold Assault         Tloc           29%        N/A       67%         5
 Hailstorm                Conj/Ice       5%         3d4       95%         4
 Leda's Liquefaction      Hex/Erth       2%         N/A       95%         4
 Petrify                  Tmut/Erth      5%         N/A       95%         4
 Freezing Cloud           Conj/Ice/Air   2%         6-21      100%        5
 Metabolic Englaciation   Hex/Ice        2%         N/A       100%        5
 Eringya's Noxious Bog    Tmut/Pois      2%         N/A       100%        6
 Iron Shot                Conj/Erth      2%         9d2       100%        6
 Simulacrum               Ice/Necr       2%         N/A       100%        6
 Storm Form               Tmut/Air       2%         N/A       100%        7

Inventory:

Hand Weapons
 a - a +5 spectral short sword (weapon)
 b - a +0 hunting sling
   (You found it on level 1 of the Dungeon)
Missiles
 i - 271 arrows
 k - 280 stones (quivered)
 o - 41 poisoned darts
 r - 84 bolts
 w - 7 boomerangs
 B - 164 sling bullets
 Q - 3 boomerangs of dispersal {=f!f}
Armour
 c - a +4 ring mail (worn)
   (You found it on level 1 of the Abyss)
 m - a +0 cloak of willpower (worn)
   (You took it off Maurice on level 10 of the Dungeon)
 t - a +1 pair of gloves (worn)
   (You found it on level 1 of the Dungeon)
 H - a +0 buckler (worn)
   (You found it on level 8 of the Dungeon)
 R - a +2 helmet (worn)
   (You found it on level 3 of the Lair of Beasts)
Magical Staves
 N - a staff of earth {!a}
   (You found it on level 7 of the Dungeon)
Jewellery
 d - a +6 ring of dexterity (left hand)
   (You took it off an orc on level 9 of the Dungeon)
 f - a ring of protection from fire
   (You found it on level 3 of the Lair of Beasts)
 j - the ring "Xebbut" (right hand) {rF+ rC+}
   (You acquired it on level 2 of the Dungeon)

   [ring of protection from fire]

   rF:        It protects you from fire.
   rC:        It protects you from cold.
 C - a ring of ice
   (You found it on level 2 of the Dungeon)
 D - a +6 ring of dexterity
   (You found it on level 4 of the Dungeon)
 E - a +4 ring of evasion
   (You found it on level 11 of the Dungeon)
 F - a ring of fire
   (You found it on level 2 of the Dungeon)
 L - a ring of flight
   (You found it on level 3 of the Lair of Beasts)
 O - a +6 ring of dexterity
   (You found it on level 1 of the Lair of Beasts)
Wands
 g - a wand of polymorph (16)
   (You found it on level 3 of the Lair of Beasts)
 I - a wand of paralysis (12)
   (You took it off Maurice on level 10 of the Dungeon)
Scrolls
 e - a scroll of brand weapon
 h - a scroll of immolation {!r!r}
 p - 2 scrolls of fog
 v - 2 scrolls of teleportation {@r4}
 y - a scroll of magic mapping {!r}
 A - 2 scrolls of blinking {!r}
 P - a scroll of identify {@r1}
 S - a scroll of holy word
Potions
 l - 4 potions of brilliance
 n - a potion of might
 q - 3 potions of mutation {!q}
 s - 2 potions of haste {@q3}
 u - a potion of invisibility
 x - a potion of attraction {!q}
 z - a potion of degeneration {unknown}
 G - a potion of resistance {unknown}
 K - a potion of flight
 M - 2 potions of magic {unknown}
 T - a potion of ambrosia {unknown}
Miscellaneous
 J - a box of beasts
   (You found it on level 9 of the Dungeon)

Dungeon Overview and Level Annotations

Branches:
Dungeon (11/15)            Temple (0/1) D:7            Lair (4/6) D:10
 Spider (0/4) Lair:3
  Swamp: Lair:2-4    Shoals: Lair:2-4       Orc: D:9-12

Altars:
Elyvilon
Kikubaaqudgha
Makhleb
Okawaru
Sif Muna
Uskayaw
Jiyva

Shops:
D:1 !   D:2 *   D:4 ?   D:9 *

Annotations:
D:6 1 exclusion
D:8 2 transporters
Lair:1 exclusion: 3 oklob plants

#####>...#########..##
#.....##....#....#
##...#...........#
#...........##..#
#...P#P.....##..##
......##..#..###...#
#P.....####.## #..##
##P....#.##.#.#D..#P#.
#P...........@S......
##.. .......ยง.......
...............
...............
...............
.#P.##......... ##.
#......... .
P.....###.


You could see a six-headed hydra (extremely poisoned) and a black mamba.


Message History

Your +5 spectral short sword hits the black mamba!
The black mamba bites you but does no damage.
You hit the black mamba.
Your +5 spectral short sword hits the black mamba.
The black mamba bites you!
You are poisoned.
The black mamba poisons you!
The black mamba closely misses you. ๐Ÿ˜• HP[-11]
You take 11 damage, and now have 64/75 hp.
Casting: Shadow Creatures (quite dangerous; 16% risk of failure)
Confirm with . or Enter, or press ? or * to list all spells.
The spell is quite dangerous to cast (16% risk of failure)!
Continue anyway?
Wisps of shadow whirl around you...
You feel very sick. The black mamba bites you!
The six-headed hydra bites you but does no damage.
The six-headed hydra closely misses you. x2
You block the six-headed hydra's attack.
The six-headed hydra bites you.
You block the six-headed hydra's attack.
The black mamba barely misses you. ๐Ÿ˜ฎ HP[-19] MP[-6]
You take 19 damage, and now have 45/75 hp.
MASSIVE DAMAGE!! (PAUSE)
You lost 6 mp, and now have 15/21 mp.
You hit the black mamba but do no damage.
Your +5 spectral short sword hits the black mamba!
You feel very sick. The black mamba barely misses you.
The six-headed hydra barely misses you. The six-headed hydra bites you.
You block the six-headed hydra's attack.
The six-headed hydra bites you but does no damage. x3
Your cane toad stings the six-headed hydra. ๐Ÿ˜ฎ HP[-3]
You take 3 damage, and now have 42/75 hp.
Your ring mail prevents you from hitting the black mamba.
Your +5 spectral short sword hits the black mamba.
You feel sick. The black mamba misses you.
You block the six-headed hydra's attack.
The six-headed hydra closely misses you.
The six-headed hydra bites you!
* * * LOW HITPOINT WARNING * * *
You block the six-headed hydra's attack.
The six-headed hydra closely misses you.
You block the six-headed hydra's attack.
The black mamba bites you but does no damage.
Your cane toad stings the six-headed hydra!! ๐Ÿ˜จ HP[-14]
You take 14 damage, and now have 28/75 hp.
You barely miss the black mamba.
Your +5 spectral short sword hits the black mamba.
You feel very sick. You block the black mamba's attack.
The six-headed hydra bites you!
* * * LOW HITPOINT WARNING * * *
The six-headed hydra barely misses you. The six-headed hydra bites you.
* * * LOW HITPOINT WARNING * * *
The six-headed hydra closely misses you.
The six-headed hydra bites you but does no damage. x2
Your cane toad stings the six-headed hydra!
The six-headed hydra is poisoned.
Your cane toad poisons the six-headed hydra!
The black mamba closely misses you. ๐Ÿ˜ฑ HP[-14]
You take 14 damage, and now have 14/75 hp.
Unknown command.
Space bends around you!
You blink.
You feel sick.
The six-headed hydra bites your cane toad! x2
The six-headed hydra bites your cane toad. x3
The six-headed hydra barely misses your cane toad.
Your cane toad stings the six-headed hydra. ๐Ÿ˜ฑ HP[-3] MP[-1]
You take 3 damage, and now have 11/75 hp.
You lost 1 mp, and now have 14/21 mp.
Okay, then.
You closely miss the black mamba.
Your +5 spectral short sword barely misses the black mamba.
You feel sick.
Your cane toad stings the six-headed hydra.
The six-headed hydra looks as sick as possible!
Your cane toad poisons the six-headed hydra!
The six-headed hydra bites your cane toad.
Your cane toad dies!
Your cane toad's corpse dissolves into shadows!
The black mamba completely misses you.
The six-headed hydra roars! ๐Ÿ˜ฑ HP[-2] MP[+1]
You take 2 damage, and now have 9/75 hp.
You hit the black mamba.
Your +5 spectral short sword hits the black mamba!
You feel sick. The black mamba bites you!
* * * LOW HITPOINT WARNING * * *
The black mamba bites you but does no damage. ๐Ÿ˜ฑ HP[-8]
You take 8 damage, and now have 1/75 hp.
Okay, then.
It was a potion of attraction.
You feel attractive to monsters.
You die...

Skill      XL: |  1  2  3  4  5  6  7  8  9 10 11 12 |
---------------+-------------------------------------+-----
Armour         | 1 |  1.0
Spellcasting   | 1 2 3 4 5 |  5.0
Dodging        | 3 4 5 6 7 8 |  8.0
Fighting       | 3 4 5 6 7 8 |  8.4
Short Blades   | 3 |  3.3
Invocations    | 3 4 6 7 8 9 |  9.0
Summonings     | 2 4 6 8 10 12 13 | 13.5
Shields        | 3 4 5 |  5.0
Translocations | 3 5 |  5.0

Action                   |  1- 3 |  4- 6 |  7- 9 | 10-12 || total
-------------------------+-------+-------+-------+-------++-------
Melee: Short sword       |   140 |    82 |   247 |   436 ||   905
 Fire: Hunting sling     |     4 |       |    21 |     3 ||    28
Throw: Dart              |       |       |     8 |     4 ||    12
       Boomerang         |       |       |    12 |     3 ||    15
 Cast: Shadow Creatures  |       |       |       |     8 ||     8
Invok: Depart the Abyss  |     1 |       |       |       ||     1
       Banish            |       |       |     1 |     7 ||     8
       Bend Space        |       |       |     1 |     7 ||     8
Evoke: Wand              |       |       |       |     2 ||     2
       Box of beasts     |       |       |       |     1 ||     1
  Use: Scroll            |     2 |    10 |     6 |     9 ||    27
       Potion            |     1 |       |     1 |     5 ||     7
 Stab: Sleeping          |       |       |     2 |       ||     2
       Distracted        |       |       |     3 |     6 ||     9
       Paralysed         |       |       |       |     4 ||     4
Armor: Ring mail         |    55 |    17 |    82 |   146 ||   300
Dodge: Dodged            |    62 |    22 |   171 |   266 ||   521
Block: Buckler           |       |       |       |   101 ||   101

Levels and vault maps discovered:
D:1:      lemuel_arrival_rhombus, layout_loops_ring, serial_shops,
          shop_fountains, minmay_misc_feat_ornament
D:2:      layout_rooms, shapermc_ecumenical_altar_flowoftime, basic_altar,
          serial_shops, nicolae_shop_crystal, serial_corexii_hall,
          corexii_hall_statues_t, chequers_hall_statues_y,
          corexii_hall_statues_deadend, chequers_hall_statues_wall_a,
          minmay_octomino_j4, uniq_sigmund
D:3:      layout_loops_ring, mainiacjoe_overflow_alcove_4
D:4:      layout_basic, old_standard_altar, serial_shops, shop_scrolls,
          uniq_eustachio
D:5:      corexii_shack_village, layout_cave_pools,
          gammafunk_temple_overflow_elements, serial_co_window_serial,
          co_window_paths_b, co_window_paths_a, co_window_paths_a,
          co_window_corner_a, co_window_paths_a, co_window_unsneaky_path_b,
          co_window_unsneaky_path_c, co_window_broadway_b,
          co_window_of_opportunity_b, glass_columns_b, glass_columns_b,
          glass_columns_b, kennysheep_potato
D:6:      layout_loops_ring, minivault_14, grunt_decor_one_mirror,
          uniq_blork_the_orc
D:7:      layout_gridville, temple_green, wad_rectangle_vault
D:8:      gammafunk_jiyva_shrine, layout_basic, minmay_checkerbox
D:9:      layout_loops_ring, nicolae_take_the_stairs, uniq_prince_ribbit1
D:10:     layout_roguey, minmay_lair_entry_lava, chequers_serial_rivers_room_a,
          minmay_ruined_shrine, uniq_maurice
D:11:     layout_basic
Lair:1:   layout_loops_ring, grunt_megastairs_1, serial_bayou_shore_a,
          infiniplex_staircase_pool, minmay_lair_oklob_chamber
Lair:2:   wander_river, layout_regular_city
Lair:3:   layout_misc_corridors, nicolae_spider_entry_orb_guardian
Lair:4:   layout_regular_city, swamp_mist

Notes
Turn   | Place    | Note
-------+----------+-------------------------------------------
     0 | Abyss:1  | spiderkeys the Deep Elf Abyssal Knight began the quest for
                  | the Orb.
     0 | Abyss:1  | Reached XP level 1. HP: 13/13 MP: 4/4
     0 | Abyss:1  | magus.rc [v1.9.10]
    12 | Abyss:1  | You add the spells Blink, Manifold Assault and Storm Form
                  | to your library.
    62 | Abyss:1  | Noticed an apocalypse crab
    64 | Abyss:1  | Noticed a large abomination
    67 | Abyss:1  | Noticed a small abomination
    67 | Abyss:1  | You are cast deeper into the Abyss!
   112 | Abyss:2  | Noticed a thrashing horror
   115 | D:1      | You pass through the gate.
   115 | D:1      | Escaped the Abyss
   164 | D:1      | Found Foygior's Distillery.
   460 | D:1      | Reached skill level 1 in Armour
   466 | D:1      | Reached XP level 2. HP: 17/18 MP: 5/5
   514 | D:1      | Reached * piety under Lugonu
   744 | D:1      | Reached skill level 1 in Spellcasting
  1345 | D:1      | Reached XP level 3. HP: 22/22 MP: 6/6
  1793 | D:2      | Reached skill level 3 in Dodging
  1832 | D:2      | Found Jihayps's Assorted Antiques.
  1858 | D:2      | You pick up a book of Dreams and begin reading...
  1858 | D:2      | You add the spells Ensorcelled Hibernation, Spider Form and
                  | Shadow Creatures to your library.
  1861 | D:2      | Bought a scroll labelled CUMOILLOYTE for 16 gold pieces
  1861 | D:2      | Bought a scroll labelled DOECIS AMMO for 16 gold pieces
  1904 | D:2      | Found a burning altar of Makhleb.
  1929 | D:2      | Found a faded altar of an unknown god.
  2030 | D:2      | Reached XP level 4. HP: 25/25 MP: 8/8
  2125 | D:2      | Noticed Sigmund
  2136 | D:2      | Killed Sigmund
  2137 | D:2      | Reached skill level 3 in Fighting
  2137 | D:2      | Reached skill level 3 in Short Blades
  2137 | D:2      | Reached skill level 2 in Spellcasting
  2137 | D:2      | Reached skill level 3 in Invocations
  2137 | D:2      | Reached XP level 5. HP: 10/32 MP: 8/11
  2140 | D:2      | Reached skill level 3 in Spellcasting
  2223 | D:2      | Bought a scroll labelled MOBICU JAWKA for 16 gold pieces
  2223 | D:2      | Bought a scroll labelled FEPANY JI OTEO for 16 gold pieces
  2658 | D:2      | Identified a scroll of acquirement
  2658 | D:2      | Acquired the ring "Xebbut" {rF+ rC+}
  2950 | D:3      | Reached ** piety under Lugonu
  3113 | D:3      | Found an iron altar of Okawaru.
  3238 | D:3      | Reached XP level 6. HP: 36/37 MP: 12/12
  3582 | D:4      | You add the spells Summon Forest, Eringya's Noxious Bog and
                  | Summon Hydra to your library.
  3602 | D:4      | Found a white marble altar of Elyvilon.
  3609 | D:4      | Learned a level 5 spell: Summon Forest
  3621 | D:4      | Noticed Eustachio
  3661 | D:4      | Killed Eustachio
  3662 | D:4      | Reached skill level 4 in Dodging
  3662 | D:4      | Reached skill level 1 in Summonings
  3813 | D:4      | Found Deciwih's Magic Scroll Shop.
  3853 | D:4      | You pick up a book of Frost and begin reading...
  3853 | D:4      | You add the spells Freeze, Frozen Ramparts and Hailstorm to
                  | your library.
  4085 | D:4      | Reached skill level 2 in Summonings
  4400 | D:4      | Bought a scroll of teleportation for 30 gold pieces
  4429 | D:5      | Entered Level 5 of the Dungeon
  4434 | D:5      | Reached skill level 4 in Invocations
  4434 | D:5      | Reached XP level 7. HP: 36/41 MP: 14/14
  4748 | D:5      | Found an ancient bone altar of Kikubaaqudgha.
  4748 | D:5      | Found a shimmering blue altar of Sif Muna.
  4784 | D:5      | Reached skill level 4 in Spellcasting
  4784 | D:5      | Reached skill level 3 in Summonings
  5066 | D:5      | Reached skill level 5 in Dodging
  5499 | D:6      | You add the spells Leda's Liquefaction, Petrify and Iron
                  | Shot to your library.
  5499 | D:6      | Got Bosiry's Handbook of Dusty Shape Shifting
  5516 | D:6      | Noticed Blork the orc
  5524 | D:6      | Reached skill level 4 in Fighting
  5524 | D:6      | Reached skill level 4 in Summonings
  5524 | D:6      | Reached XP level 8. HP: 48/48 MP: 15/17
  5540 | D:6      | Killed Blork the orc
  6351 | D:6      | Reached skill level 5 in Spellcasting
  6511 | D:6      | Reached skill level 5 in Invocations
  6698 | D:6      | Reached skill level 5 in Summonings
  6700 | D:6      | Reached *** piety under Lugonu
  7872 | D:7      | Reached skill level 6 in Dodging
  8074 | D:7      | Found a staircase to the Ecumenical Temple.
  8172 | D:7      | Noticed a two-headed ogre
  8186 | D:7      | HP: 12/48 [two-headed ogre (28)]
  8188 | D:7      | Banished a two-headed ogre
  8189 | D:7      | Reached skill level 5 in Fighting
  8189 | D:7      | Reached skill level 6 in Summonings
  8189 | D:7      | Reached skill level 6 in Invocations
  8189 | D:7      | Reached XP level 9. HP: 12/54 MP: 12/18
  8435 | D:7      | Reached skill level 7 in Summonings
  8815 | D:7      | Reached skill level 7 in Dodging
  9196 | D:8      | Reached skill level 8 in Summonings
  9436 | D:8      | Reached skill level 7 in Invocations
  9626 | D:8      | Found a transporter.
  9626 | D:8      | Found a viscous altar of Jiyva.
  9698 | D:8      | You pick up a book of Vapours and begin reading...
  9698 | D:8      | You add the spells Poisonous Vapours, Corpse Rot and
                  | Freezing Cloud to your library.
 10078 | D:8      | Found a transporter.
 10293 | D:8      | Reached XP level 10. HP: 57/60 MP: 19/19
 10801 | D:9      | Reached skill level 8 in Dodging
 10801 | D:9      | Reached skill level 9 in Summonings
 11112 | D:9      | Reached skill level 1 in Shields
 11201 | D:9      | Found Udearac's General Store.
 11228 | D:9      | Reached skill level 6 in Fighting
 11449 | D:9      | Noticed Prince Ribbit
 11463 | D:9      | HP: 14/60 [Prince Ribbit (14)]
 11472 | D:9      | Killed Prince Ribbit
 12544 | D:10     | Entered Level 10 of the Dungeon
 12549 | D:10     | Reached skill level 2 in Shields
 12615 | D:10     | Reached skill level 10 in Summonings
 12615 | D:10     | Reached skill level 8 in Invocations
 12640 | D:10     | Noticed a centaur warrior
 12646 | D:10     | HP: 12/61 [centaur warrior (7)]
 12648 | D:10     | Killed a centaur warrior
 12920 | D:10     | Found a hide-covered altar of Uskayaw.
 12948 | D:10     | HP: 11/61 [something (8)]
 13154 | D:10     | Noticed Maurice
 13168 | D:10     | Killed Maurice
 13169 | D:10     | Reached skill level 3 in Shields
 13223 | D:10     | Reached XP level 11. HP: 47/66 MP: 20/20
 13427 | D:10     | Found a staircase to the Lair.
 13429 | D:10     | Noticed a fire dragon
 13429 | D:10     | Banished a fire dragon
 13431 | D:10     | Noticed a two-headed ogre
 13433 | D:10     | Banished a two-headed ogre
 13434 | D:10     | Reached skill level 11 in Summonings
 13879 | D:11     | Noticed a two-headed ogre
 13890 | D:11     | HP: 15/66 [vampire mosquito (2)]
 14190 | Lair:1   | Entered Level 1 of the Lair of Beasts
 14243 | Lair:1   | Noticed an oklob plant
 14267 | Lair:1   | Reached skill level 7 in Fighting
 14342 | Lair:1   | Noticed a five-headed hydra
 14355 | Lair:1   | Killed a five-headed hydra
 14655 | Lair:1   | Reached skill level 9 in Invocations
 14680 | Lair:1   | Reached skill level 4 in Shields
 15093 | Lair:1   | You pick up a book of Winter and begin reading...
 15093 | Lair:1   | You add the spells Ozocubu's Armour, Metabolic Englaciation
                  | and Simulacrum to your library.
 15123 | Lair:1   | Learned a level 6 spell: Shadow Creatures
 15570 | Lair:1   | Reached skill level 1 in Translocations
 15844 | Lair:1   | Noticed an oklob plant
 15845 | Lair:1   | Noticed an oklob plant
 16026 | Lair:2   | Reached skill level 12 in Summonings
 16606 | Lair:2   | Reached skill level 2 in Translocations
 17053 | Lair:3   | Found a hole to the Spider Nest.
 17053 | Lair:3   | Noticed an orb spider
 17188 | Lair:3   | an orb spider changed into a salamander
 17273 | Lair:3   | Noticed a death yak
 17274 | Lair:3   | Noticed a death yak
 17275 | Lair:3   | Noticed a death yak
 17275 | Lair:3   | Noticed a death yak
 17276 | Lair:3   | Noticed a death yak
 17596 | Lair:3   | Reached skill level 3 in Translocations
 17608 | Lair:3   | Reached XP level 12. HP: 61/73 MP: 21/21
 17613 | Lair:3   | Reached skill level 5 in Shields
 18096 | Lair:3   | HP: 18/73 [wolf (4)]
 18098 | Lair:3   | Noticed a seven-headed hydra
 18103 | Lair:2   | HP: 14/73 [wolf (2)]
 18104 | Lair:2   | Reached skill level 8 in Fighting
 18448 | Lair:3   | Reached **** piety under Lugonu
 18702 | Lair:3   | Banished a seven-headed hydra
 18703 | Lair:3   | Reached skill level 13 in Summonings
 18703 | Lair:3   | Reached skill level 4 in Translocations
 18921 | Lair:3   | HP: 16/73 [death yak (13)]
 18926 | Lair:3   | HP: 4/73 [death yak (9)]
 19304 | Lair:3   | Killed a death yak
 19358 | Lair:3   | Killed a death yak
 19452 | Lair:2   | magus.rc [v1.9.10]
 19470 | Lair:2   | Killed a death yak
 19521 | Lair:2   | Killed a death yak
 19647 | Lair:2   | Killed a death yak
 19925 | Lair:4   | Reached skill level 5 in Translocations
 20039 | Lair:4   | Noticed a six-headed hydra
 20045 | Lair:4   | HP: 18/75 [six-headed hydra (7)]
 20048 | Lair:4   | HP: 1/75 [black mamba (8)]
 20049 | Lair:4   | Succumbed to a black mamba's poison

Vanquished Creatures
  A centaur warrior (D:10)
  A hydra (Lair:1)
  2 death yaks (Lair:2)
  A salamander (Lair:3)
  Maurice (D:10)
  2 black mambas
  5 cane toads
  4 komodo dragons
  3 rime drakes
  An unseen horror (D:10)
  A kobold demonologist (D:10)
  Prince Ribbit (D:9)
  A troll (D:9)
  6 blink frogs
  Sigmund (D:2)
  4 wyverns
  6 yaks
  Eustachio (D:4)
  A basilisk (Lair:4)
  6 water moccasins
  2 orc warriors (D:10)
  An ice beast (D:7)
  4 sky beasts
  A black bear (Lair:2)
  9 wolves
  An ogre (D:5)
  A necrophage (D:7)
  A phantom (D:6)
  4 centaurs
  Blork the orc (D:6)
  3 kobold brigands (D:8)
  5 bullfrogs
  A wyvern zombie (D:6)
  A gnoll sergeant (D:8)
  A scorpion (D:4)
  A water moccasin skeleton (D:5)
  6 killer bees
  9 wights (D:8)
  6 howler monkeys
  3 centaur zombies
  A bullfrog zombie (D:6)
  7 hounds
  A centaur skeleton (D:5)
  3 orc priests
  2 jellies
  An iguana (D:6)
  3 orc wizards
  2 killer bee zombies
  A hound zombie (D:5)
  A hound skeleton (D:5)
  6 gnolls
  7 adders
  2 shadow imps
  A white imp (D:6)
  2 ufetubi (D:5)
  An adder skeleton (D:4)
  2 worms (D:2)
  5 dart slugs
  11 orcs
  7 ball pythons
  9 endoplasms
  3 giant cockroaches
  9 goblins
  13 hobgoblins
  A quokka (D:1)
  3 bats
  2 frilled lizards
  10 kobolds
  4 rats
230 creatures vanquished.

Vanquished Creatures (collateral kills)
  3 death yaks
  A vampire mosquito (D:11)
4 creatures vanquished.

Vanquished Creatures (others)
  A bush (Lair:3)
  4 fungi
  18 plants
23 creatures vanquished.

Grand Total: 257 creatures vanquished

Table legend:
 A = Non-vault XP
 B = Vault XP
 C = Vault XP percentage of total XP
 D = Non-vault monster count
 E = Vault monster count
 F = Vault count percentage of total count
                 A         B        C        D         E       F
            +---------+---------+-------+---------+---------+-------
      Total |   23471 |    5661 |  19.4 |     202 |      38 |  15.8
            +---------+---------+-------+---------+---------+-------
        D:1 |      59 |       0 |   0.0 |      25 |       0 |   0.0
        D:2 |      51 |     235 |  82.2 |      16 |       4 |  20.0
        D:3 |      36 |       0 |   0.0 |       8 |       0 |   0.0
        D:4 |     124 |     203 |  62.1 |      11 |       1 |   8.3
        D:5 |     494 |      93 |  15.8 |      13 |      12 |  48.0
        D:6 |     721 |     100 |  12.2 |      12 |       1 |   7.7
        D:7 |    1546 |     520 |  25.2 |      12 |       6 |  33.3
        D:8 |    1450 |     281 |  16.2 |      28 |       4 |  12.5
        D:9 |    1679 |     291 |  14.8 |      14 |       1 |   6.7
       D:10 |    2102 |    3259 |  60.8 |      11 |       7 |  38.9
       D:11 |      92 |       0 |   0.0 |       1 |       0 |   0.0
     Lair:1 |    3819 |      93 |   2.4 |      14 |       1 |   6.7
     Lair:2 |    3885 |       0 |   0.0 |      10 |       0 |   0.0
     Lair:3 |    6692 |     586 |   8.1 |      24 |       1 |   4.0
     Lair:4 |     721 |       0 |   0.0 |       3 |       0 |   0.0
            +---------+---------+-------+---------+---------+-------

Illustrated notes

Table legend:
 A = Kills in this place as a percentage of kills in entire the game.
 B = Kills by you in this place as a percentage of kills by you in the entire game.
 C = Kills by friends in this place as a percentage of kills by friends in the entire game.
 D = Other kills in this place as a percentage of other kills in the entire game.
 E = Experience gained in this place as a percentage of experience gained in the entire game.
 F = Experience gained in this place divided by the number of levels of this place that you have seen.
                   A       B       C       D       E      F
               +-------+-------+-------+-------+-------+----------------------
         Total | 100.0 | 100.0 | 100.0 | 100.0 | 100.0 | 1713.6
       Dungeon |  77.9 |  78.7 |  25.0 |  83.3 |  45.8 | 1212.4
          Lair |  22.1 |  21.3 |  75.0 |  16.7 |  54.2 | 3949.0
               +-------+-------+-------+-------+-------+----------------------

Table legend: (Time is in decaauts)
 A = Elapsed time spent in this place.
 B = Non-inter-level travel time spent in this place.
 C = Inter-level travel time spent in this place.
 D = Time resting spent in this place.
 E = Time spent auto-exploring this place.
 F = Levels seen in this place.
 G = Mean time per level.
                   A        B        C        D        E       F      G
               +--------+--------+--------+--------+--------+-----+--------+
         Total |  20023 |  19323 |    700 |   5379 |  11428 |  17 | 1177.8 |
       Dungeon |  14054 |  13637 |    417 |   3259 |   8707 |  11 | 1277.6 |
          Lair |   5854 |   5571 |    283 |   2119 |   2681 |   4 | 1463.5 |
         Abyss |    114 |    114 |      0 |      0 |     40 |   2 |   57.0 |
               +--------+--------+--------+--------+--------+-----+--------+

Top non-repeatable levels by time:
     D:6: 2322 daAuts
  Lair:3: 2242 daAuts
     D:9: 1908 daAuts
  Lair:2: 1732 daAuts
     D:8: 1712 daAuts
  Lair:1: 1684 daAuts
     D:1: 1535 daAuts
     D:7: 1388 daAuts
    D:10: 1338 daAuts
     D:4: 1084 daAuts
     D:5: 1027 daAuts
     D:2: 1020 daAuts
     D:3: 663 daAuts
  Lair:4: 195 daAuts
 Abyss:1: 67 daAuts
